 Dungeon Crawl Stone Soup version 0.27-a0-1196-g3e9cee4cb2 (webtiles) character file.

Game seed: 9504563446964953151

109 Glokmah the Magician (level 5, -3/29 HPs)
             Began as a Kobold Hedge Wizard on May 28, 2021.
             Was a Believer of Fedhas.
             Killed from afar by Natasha (7 damage)
             ... with a magic dart
             ... on level 2 of the Dungeon.
             The game lasted 00:08:18 (3380 turns).

Glokmah the Magician (Kobold Hedge Wizard)          Turns: 3380, Time: 00:08:19

Health: -3/29      AC:  2    Str:  7    XL:     5   Next: 13%
Magic:  3/10       EV: 15    Int: 17    God:    Fedhas [**....]
Gold:   98         SH:  0    Dex: 20    Spells: 5/11 levels left

rFire    . . .     SeeInvis .   a - +0 dagger
rCold    . . .     Faith    .   (shield restricted)
rNeg     . . .     Spirit   .   b - +0 robe
rPois    .         Reflect  .   c - +0 hat
rElec    .         Harm     .   (no cloak)
rCorr    .         Rampage  .   (no gloves)
Will     .....                  (no boots)
Stlth    ++++......             (no amulet)
HPRegen  0.09/turn              f - +6 ring of dexterity
MPRegen  0.12/turn              (no ring)

@: very slightly contaminated
A: small, no large weapons, nightstalker 3
a: Renounce Religion, Wall of Briars


You were on level 2 of the Dungeon.
You worshipped Fedhas.
Fedhas was pleased with you.
You visited 1 branch of the dungeon, and saw 2 of its levels.

You collected 98 gold pieces.

Inventory:

Hand Weapons
 a - a +0 dagger (weapon)
Armour
 b - a +0 robe (worn)
 c - a +0 hat (worn)
Jewellery
 f - a +6 ring of dexterity (left hand)
Wands
 j - a wand of mindburst (8)
Scrolls
 i - a scroll of teleportation {unknown}
 k - a scroll of noise {unknown}
 l - a scroll of identify {unknown}
Potions
 d - a potion of haste {unknown}
 e - a potion of lignification {unknown}
 g - a potion of berserk rage {unknown}
 h - a potion of might {unknown}


   Skills:
 + Level 1.1 Fighting
 * Level 2.3 Short Blades
 - Level 2.4 Dodging
 * Level 3.3 Stealth
 + Level 3.5 Spellcasting
 * Level 2.2 Conjurations
 - Level 1.5 Summonings
 + Level 1.6 Translocations
 + Level 0.3 Air Magic
 + Level 0.4 Poison Magic


You had 5 spell levels left.
You knew the following spells:

 Your Spells              Type           Power      Damage    Failure   Level
a - Magic Dart            Conj           40%        1d5       7%          1
b - Blink                 Tloc           N/A        N/A       13%         2
c - Mephitic Cloud        Conj/Pois/Air  6%         N/A       32%         3

Your spell library contained the following spells:

 Spells                   Type           Power      Damage    Failure   Level
 Call Imp                 Summ           8%         N/A       13%         2
 Slow                     Hex            3%         N/A       26%         2
 Conjure Flame            Conj/Fire      6%         6-21      30%         3


Dungeon Overview and Level Annotations

Branches:
Dungeon (2/15)

Altars:
Fedhas
Nemelex Xobeh

Annotations:
D:2 Natasha


Innate Abilities, Weirdness & Mutations

You are small and have problems with some larger weapons.
You are completely attuned to the shadows.


Message History

You are very lightly contaminated with residual magic.
Nothing appears to happen.
Natasha misses you.
Casting: Blink (safe; 13% risk of failure)
Confirm with . or Enter, or press ? or * to list all spells.
You blink.
Casting: Blink (safe; 13% risk of failure)
Confirm with . or Enter, or press ? or * to list all spells.
The spell is extremely dangerous to cast (32% risk of failure)!
Continue anyway?
Okay, then.
Casting: Mephitic Cloud (extremely dangerous; 32% risk of failure)
Confirm with . or Enter, or press ? or * to list all spells.
You blink.
Casting: Blink (safe; 13% risk of failure)
Confirm with . or Enter, or press ? or * to list all spells.
The spell is extremely dangerous to cast (32% risk of failure)!
Continue anyway?
Aiming: Mephitic Cloud (extremely dangerous; 32% risk of failure)
Press: ? - help, Shift-Dir - straight line, f - Natasha
Aim: Natasha (translocational energy, chance to affect: 86%)
You miscast Mephitic Cloud.
Nothing appears to happen.
Natasha claws you.
You hit Natasha.
Natasha is lightly wounded.
Natasha barely misses you.
You hit Natasha.
Natasha is moderately wounded.
Natasha completely misses you.
You hit Natasha.
Natasha is heavily wounded.
Natasha completely misses you.
You closely miss Natasha.
Natasha is heavily wounded.
Natasha claws you!
You miss Natasha.
Natasha is heavily wounded.
Natasha claws you!
* * * LOW HITPOINT WARNING * * *
Natasha stares at you and mumbles some strange words.
The magic dart hits you!
You die...
Fedhas appreciates your contribution to the ecosystem.

####.##.#####.###.## #........#
####.##.# #.###.# #........#
.....##^## #...#.# #........#
.######..######.#.# #........#
.#............#.#.######........#
..........###.#.#......'........#
..........###.#.########........#
...........##...########........#
.ยง............h.@.....>...#.#####
######.###.##########.#####.# #.#
#.##########.#####.#
####g###..##............<.#
#.....###.##.######.#####.#####
#...<.# #.##.# #.# #.......
###.....###..#.# #.# ########
...............# #.#
###....(####.### #.# ########


You could see Natasha.

Vanquished Creatures
  Terence (D:2)
  Natasha (D:2)
  Robin (D:2)
  3 dart slugs
  2 bats (D:1)
  5 endoplasms
  12 goblins
  4 hobgoblins
  A quokka (D:2)
  2 ball pythons (D:1)
  A frilled lizard (D:1)
  3 kobolds (D:1)
  4 rats
40 creatures vanquished.

Notes
Turn   | Place    | Note
-------+----------+-------------------------------------------
     0 | D:1      | Glokmah the Kobold Hedge Wizard began the quest for the
                  | Orb.
     0 | D:1      | Reached XP level 1. HP: 10/10 MP: 4/4
    92 | D:1      | Found a faded altar of an unknown god.
    97 | D:1      | Became a worshipper of Fedhas Madash
    97 | D:1      | Reached * piety under Fedhas
   206 | D:1      | Reached XP level 2. HP: 15/15 MP: 6/6
   274 | D:1      | Reached skill level 1 in Short Blades
   848 | D:1      | Reached XP level 3. HP: 20/20 MP: 7/7
   878 | D:1      | Learned a level 2 spell: Blink
  1290 | D:2      | Noticed Terence
  1683 | D:2      | Found a sparkling altar of Nemelex Xobeh.
  1714 | D:2      | Noticed Natasha
  1718 | D:2      | Killed Natasha
  1719 | D:2      | Reached XP level 4. HP: 24/24 MP: 9/9
  1890 | D:2      | Noticed Robin
  1930 | D:2      | Reached ** piety under Fedhas
  2017 | D:2      | Reached skill level 1 in Fighting
  2519 | D:2      | Learned a level 3 spell: Mephitic Cloud
  3048 | D:2      | Killed Terence
  3062 | D:2      | Reached XP level 5. HP: 28/29 MP: 1/10
  3253 | D:2      | Killed Robin
  3355 | D:2      | Noticed Natasha
  3380 | D:2      | Killed from afar by Natasha

Illustrated notes

Levels and vault maps discovered:
D:1:      tarquinn_simple_flora_water_a, layout_basic,
          shapermc_ecumenical_altar_mp_ritualfount
D:2:      layout_basic, basic_altar, columned_hall_lemuel, minmay_hedge_maze,
          kennysheep_generic_room_9, uniq_natasha, uniq_robin, uniq_terence

Skill      XL: |  1  2  3  4 |
---------------+-------------+-----
Short Blades   | 1 2 |  2.3
Stealth        | 3 |  3.3
Fighting       | 1 |  1.1
Conjurations   | 2 |  2.2
Dodging        | |  2.4
Spellcasting   | |  3.5
Summonings     | |  1.5
Translocations | |  1.6
Air Magic      | |  0.3
Poison Magic   | |  0.4

Action                   |  1- 3 |  4- 6 || total
-------------------------+-------+-------++-------
Melee: Dagger            |    36 |    46 ||    82
 Cast: Magic Dart        |    37 |    31 ||    68
       Blink             |       |     8 ||     8
       Mephitic Cloud    |       |     1 ||     1
Evoke: Wand              |       |     5 ||     5
 Stab: Sleeping          |    12 |     4 ||    16
       Distracted        |     1 |       ||     1
       Confused          |       |     1 ||     1
Armor: Robe              |     8 |     2 ||    10
Dodge: Dodged            |    24 |    32 ||    56

Table legend: (Time is in decaauts)
 A = Elapsed time spent in this place.
 B = Non-inter-level travel time spent in this place.
 C = Inter-level travel time spent in this place.
 D = Time resting spent in this place.
 E = Time spent auto-exploring this place.
 F = Levels seen in this place.
 G = Mean time per level.
                   A        B        C        D        E       F      G
               +--------+--------+--------+--------+--------+-----+--------+
         Total |   3399 |   3144 |    255 |    687 |   1755 |   2 | 1699.5 |
       Dungeon |   3399 |   3144 |    255 |    687 |   1755 |   2 | 1699.5 |
               +--------+--------+--------+--------+--------+-----+--------+

Top non-repeatable levels by time:
     D:2: 1946 daAuts
     D:1: 1453 daAuts
